 Dungeon Crawl Stone Soup version 0.22-a0-848-ge9e22a0 (webtiles) character file.

1841 mhoghedin the Cutter (level 9, 0/49 (52) HPs)
             Began as a Kobold Wizard on July 26, 2018.
             Was a Follower of Kikubaaqudgha.
             Succumbed to their own dark miasma
             ... on level 6 of the Dungeon.
             The game lasted 00:28:48 (10858 turns).

mhoghedin the Cutter (Kobold Wizard)               Turns: 10858, Time: 00:28:48

HP:   0/49 (52)     AC:  4    Str:  4    XL:     9   Next: 33%
MP:   2/13          EV: 17    Int: 22    God:    Kikubaaqudgha [*.....]
Gold: 345           SH:  0    Dex: 14    Spells: 1/14 levels left

rFire    + . .     SeeInvis +   y - +1 dagger (drain)
rCold    + + .     Gourm    .   (shield restricted)
rNeg     . . .     Faith    .   a - +0 robe
rPois    .         Spirit   .   b - +0 hat
rElec    .         Reflect  .   i - scarf {rC+ rF+}
rCorr    .         Harm     .   l - +1 pair of gloves
MR       .....                  (no boots)
Stlth    +++.......             (no amulet)
HPRegen  0.00/turn              u - ring of protection from cold {rC+, !d}
MPRegen  0.13/turn              q - ring of see invisible {sInv, !d}

@: lethally poisoned (0 -> -92), marked, non-regenerating, badly diseased
A: small, carnivore
a: Receive Corpses, Renounce Religion


You were on level 6 of the Dungeon.
You worshipped Kikubaaqudgha.
Kikubaaqudgha was aware of your devotion.
You were very full.

You visited 1 branch of the dungeon, and saw 7 of its levels.

You collected 345 gold pieces.

Inventory:

Hand Weapons
 f - a +0 hand axe
   (You found it on level 1 of the Dungeon)
 h - a +0 short sword
   (You took it off a kobold on level 1 of the Dungeon)
 p - a +2 flail of crushing
   (You took it off an orc on level 3 of the Dungeon)
 y - a +1 dagger of draining (weapon)
   (You found it on level 5 of the Dungeon)
Missiles
 x - 8 tomahawks of returning (quivered)
Armour
 a - a +0 robe (worn)
 b - a +0 hat (worn)
 i - a scarf of resistance (worn)
   (You found it on level 4 of the Dungeon)
 l - a +1 pair of gloves (worn)
   (You found it on level 1 of the Dungeon)
Magical Staves
 s - an uncursed staff of power {MP+17, !a}
   (You found it on level 4 of the Dungeon)
Jewellery
 n - an uncursed ring of protection from fire {rF+, !d}
   (You found it on level 5 of the Dungeon)
 o - an uncursed ring of protection from fire {rF+, !d}
   (You took it off a kobold on level 2 of the Dungeon)
 q - a ring of see invisible (right hand) {sInv, !d}
   (You found it on level 2 of the Dungeon)
 u - a ring of protection from cold (left hand) {rC+, !d}
   (You found it on level 4 of the Dungeon)
 C - an uncursed ring of protection from fire {rF+, !d}
   (You found it on level 6 of the Dungeon)
Scrolls
 c - a scroll of fear {unknown}
 e - a scroll of blinking {!r}
 g - a scroll of immolation {!r}
 m - a scroll of noise {!r}
 r - a scroll of amnesia {unknown}
 t - a scroll of enchant weapon
 z - 2 scrolls of remove curse {unknown}
 A - a scroll of enchant armour
 B - 3 scrolls of identify
 D - 2 scrolls of magic mapping {unknown}
 E - a scroll of vulnerability {unknown}
Potions
 j - 2 potions of curing
 k - 3 potions of brilliance
 v - a potion of ambrosia {unknown}
 F - a potion of degeneration {unknown}
Comestibles
 d - 17 rations


   Skills:
 + Level 4.2 Fighting
 + Level 7.6 Short Blades
 + Level 5.4 Dodging
 + Level 5.8 Stealth
 - Level 3.2 Spellcasting
 - Level 2.6 Conjurations
 - Level 1.0 Summonings
 - Level 5.2 Necromancy
 - Level 1.0 Translocations
 - Level 2.2 Air Magic
 - Level 2.2 Poison Magic


You had one spell level left.
You knew the following spells:

 Your Spells              Type           Power        Failure   Level  Hunger
a - Magic Dart            Conj           ###.         4%          1    None
b - Blink                 Tloc           N/A          12%         2    ##.....
c - Call Imp              Summ           #.......     12%         2    ##.....
d - Corpse Rot            Necr           N/A          2%          2    ##.....
e - Vampiric Draining     Necr           ####......   4%          3    ###....
x - Mephitic Cloud        Conj/Pois/Air  ##......     14%         3    ###....

Your spell library contained the following spells:

 Spells                   Type           Power        Failure   Level  Hunger
 Conjure Flame            Conj/Fire      #.......     22%         3    ###....
 Slow                     Hex            #.......     19%         2    ##.....
 Pain                     Necr           ####         1%          1    None
 Sublimation of Blood     Necr           ####......   2%          2    ##.....


Dungeon Overview and Level Annotations

Branches:
Dungeon (7/15)             Temple (0/1) D:6

Altars:
Fedhas
Gozag
Kikubaaqudgha
Okawaru
Trog
Wu Jian
Yredelemnul
Zin

Shops:
D:6 ((   D:7 !

Annotations:
D:5 2 runed doors, Kuinu's ghost, amateur MiFi
D:6 1 runed door, azzavlup's ghost, novice MiBe
D:7 Harold; Menkaure


Innate Abilities, Weirdness & Mutations

You are small and have problems with some larger weapons.
You are carnivorous and can eat meat at any time.


Message History

There is a staircase to the Ecumenical Temple here.
Unknown command.
A staircase to the Ecumenical Temple.
Unknown command.
Unknown command.
Unknown command.
There is a stone staircase leading up, spattered with blood here.
Unknown command.
Unknown command.
Unknown command.
Unknown command.
Unknown command.
There is a stone staircase leading down here.
You climb downwards.
Level annotation: Harold; Menkaure
There is a stone staircase leading up here.
Aim: a hound The ball explodes into a vile cloud!
The stinking cloud engulfs the hound.
The stinking cloud engulfs the worker ant.
The hound is engulfed in noxious fumes.
The hound appears confused.
Harold points at you and mumbles some strange words.
A sentinel's mark forms upon you.
The hound is engulfed in noxious fumes.
The hound appears confused.
You now have 10/13 mp.
The worker ant is engulfed in noxious fumes.
The worker ant appears confused.
The worker ant is engulfed in noxious fumes.
The worker ant appears confused.
You catch the helpless worker ant completely off-guard!
You impale the worker ant!!
You kill the worker ant!
Kikubaaqudgha accepts your kill. Harold shouts, "Can you die now?
I had plans for the rest of the day!"
Aim: a hound (noxious fumes, lightly wounded, confused)
The ball explodes into a vile cloud!
The stinking cloud engulfs the hound.
The stinking cloud engulfs Harold.
The hound is engulfed in noxious fumes.
The hound bites Harold.
Harold yells, "I don't have all day!"
The hound is engulfed in noxious fumes.
The hound appears confused.
You now have 7/13 mp.
Harold is engulfed in noxious fumes.
A phantom comes into view.
Okay, then.
Unknown command.
Nothing appears to happen.
Harold is engulfed in noxious fumes.
Harold appears confused.
You now have 6/13 mp.
Kikubaaqudgha delivers you corpses!
You feel somewhat less full.
Harold is engulfed in noxious fumes.
Harold says, "Why is everything spinning?"
You now have 3/13 mp.
The phantom blinks!
Okay, then.
Unknown command.
Really cast Corpse Rot while standing on a howler monkey corpse?
You smell decay.
You are engulfed in dark miasma.
You are poisoned.
You feel sick.
Harold is engulfed in dark miasma.
Harold is poisoned.
You take 7 damage, and have 45/52 hp.
You now have 1/13 mp.
Unknown command.
Unknown command.
Unknown command.
You hit Harold but do no damage.
You are engulfed in dark miasma.
You are more poisoned.
You feel your flesh rotting away!
You feel ill.
You feel very sick.
Harold is engulfed in dark miasma.
Harold looks even sicker.
Harold closely misses you.
You take 5 damage, and have 40/51 hp.
You hit Harold but do no damage.
You are engulfed in dark miasma.
You are more poisoned.
You feel your flesh rotting away!
You feel ill.
You feel very sick.
You take 11 damage, and have 29/50 hp.
MASSIVE DAMAGE!!
Unknown command.
Unknown command.
You hit Harold but do no damage.
You are engulfed in dark miasma.
You are more poisoned.
You feel your flesh rotting away!
You feel very sick.
Harold is engulfed in dark miasma.
Harold looks even sicker.
You take 7 damage, and have 22/49 hp.
Unknown command.
Unknown command.
You are engulfed in dark miasma.
You are more poisoned.
* * * LOW HITPOINT WARNING * * *
You feel extremely sick.
The phantom blinks!
You climb upwards.
Level annotation: 1 runed door, azzavlup's ghost, novice MiBe You die...
Kikubaaqudgha rasps: "You have failed me!
Welcome... death!"

.......#####....###.......######
..........#####.# ##....#...#
............###.# #....###.# #
.......##...<##.####.....##.#####
.......###.#..#..#...............
####...# #.##.##.........##.##...
####.#.# #..#.###.#..........#...
#......# ##.........#.#####......
##.....####...#.@.....## ##.....
#(.......#............####......
#..##........###.##...#....##...
#..##.............#.....#####...
#..##..........#..........###...
#..##............#.#............
##..##..............#......#####.
#...#..<...................# #.
................#..[.......## #.


There were no monsters in sight!

Vanquished Creatures
  Pikel (D:5)
  An ice beast (D:5)
  A phantom (D:7)
  2 ogres
  3 bullfrogs (D:6)
  3 scorpions
  2 howler monkeys
  A bullfrog zombie (D:5)
  A hound (D:5)
  A jelly (D:5)
  An orc wizard (D:5)
  An iguana (D:6)
  6 worker ants
  A killer bee zombie (D:7)
  A mummy (D:6)
  A worker ant zombie (D:5)
  7 adders
  2 shadow imps (D:5)
  An ooze (D:5)
  An adder zombie (D:5)
  An adder skeleton (D:4)
  2 worms
  4 leopard geckos
  15 orcs
  9 bats
  7 goblins
  5 hobgoblins
  10 jackals
  2 quokkas (D:2)
  2 ball pythons
  5 frilled lizards
  A giant cockroach zombie (D:5)
  A jackal zombie (D:7)
  4 kobolds
  3 kobold zombies (D:6)
  An orc zombie (D:6)
  4 rats
114 creatures vanquished.

Vanquished Creatures (collateral kills)
  A bullfrog (D:6)
  A hound (D:5)
  An orc priest (D:3)
  A jelly (D:5)
  An orc wizard (D:4)
  A worker ant (D:4)
  5 adders
  A leopard gecko (D:3)
  12 orcs
  A goblin (D:3)
  A hobgoblin (D:3)
  5 jackals
  A kobold (D:3)
  A rat (D:3)
33 creatures vanquished.

Vanquished Creatures (others)
  A slave (D:6)
  A jelly (D:6)
  An orc priest (D:6)
  2 orcs
5 creatures vanquished.

Grand Total: 152 creatures vanquished

Notes
Turn   | Place    | Note
-------+----------+-------------------------------------------
     0 | D:1      | mhoghedin the Kobold Wizard began the quest for the Orb.
     0 | D:1      | Reached XP level 1. HP: 10/10 MP: 4/4
   913 | D:1      | Reached skill level 3 in Stealth
   922 | D:1      | Reached XP level 2. HP: 13/16 MP: 3/6
   926 | D:1      | Learned a level 2 spell: Blink
   929 | D:1      | Learned a level 2 spell: Call Imp
  1223 | D:1      | Reached skill level 1 in Fighting
  1545 | D:2      | Reached skill level 3 in Dodging
  1557 | D:2      | Reached XP level 3. HP: 20/20 MP: 7/7
  1988 | D:2      | Reached XP level 4. HP: 20/26 MP: 5/8
  2163 | D:2      | Reached skill level 2 in Fighting
  2163 | D:2      | Reached skill level 4 in Stealth
  2803 | D:3      | HP: 5/26 [poisoned by an adder]
  2811 | D:3      | HP: 4/26 [poisoned by an adder]
  3343 | D:2      | Learned a level 3 spell: Mephitic Cloud
  3637 | D:3      | Reached XP level 5. HP: 24/31 MP: 3/9
  4244 | D:3      | Found an opulent altar of Gozag.
  4271 | D:3      | Reached skill level 1 in Air Magic
  4330 | D:3      | Reached skill level 1 in Poison Magic
  4699 | D:4      | Reached skill level 2 in Conjurations
  4737 | D:4      | Reached skill level 2 in Air Magic
  4737 | D:4      | Reached XP level 6. HP: 13/36 MP: 8/10
  4741 | D:4      | HP: 9/36 [poisoned by a scorpion]
  4747 | D:4      | HP: 7/36 [poisoned by a scorpion]
  4752 | D:4      | HP: 6/36 [poisoned by a scorpion]
  4760 | D:4      | HP: 5/36 [poisoned by a scorpion]
  5030 | D:4      | Found an ancient bone altar of Kikubaaqudgha.
  5049 | D:4      | Reached skill level 2 in Poison Magic
  5545 | D:4      | Noticed an ogre
  5593 | D:4      | HP: 9/36 [ball python (2)]
  5605 | D:4      | Became a worshipper of Kikubaaqudgha
  5853 | D:5      | Entered Level 5 of the Dungeon
  6035 | D:5      | Reached skill level 4 in Dodging
  6035 | D:5      | Reached XP level 7. HP: 40/40 MP: 8/11
  6316 | D:4      | Reached skill level 3 in Fighting
  6316 | D:4      | Reached skill level 5 in Stealth
  6677 | D:4      | Found a blossoming altar of Fedhas.
  6677 | D:4      | Found an ornate altar of the Wu Jian Council.
  6683 | D:4      | Found a basalt altar of Yredelemnul.
  6685 | D:4      | Found a faded altar of an unknown god.
  6686 | D:4      | Found a glowing silver altar of Zin.
  7211 | D:5      | HP: 8/41 [centaur (8)]
  7653 | D:5      | Reached skill level 1 in Short Blades
  7654 | D:5      | Found a large runed door.
  7654 | D:5      | Found a large runed door.
  7654 | D:5      | Noticed Kuinu's ghost (amateur MiFi)
  8173 | D:5      | Found a bloodstained altar of Trog.
  8708 | D:5      | Reached skill level 5 in Dodging
  8715 | D:5      | Reached * piety under Kikubaaqudgha
  8715 | D:5      | Identified Kikubaaqudgha's Papyrus of Stolen Souls (Kikubaaqudgha gifted it to you on level 5 of the Dungeon)
  8715 | D:5      | Received a gift from Kikubaaqudgha
  8729 | D:5      | Reached skill level 2 in Short Blades
  8739 | D:5      | Learned a level 2 spell: Corpse Rot
  8799 | D:5      | Found an iron altar of Okawaru.
  9031 | D:6      | Noticed Pikel
  9058 | D:5      | Killed Pikel
  9058 | D:5      | Reached skill level 5 in Short Blades
  9058 | D:5      | Reached skill level 3 in Necromancy
  9058 | D:5      | Reached XP level 8. HP: 25/48 MP: 6/12
  9205 | D:5      | Learned a level 3 spell: Vampiric Draining
  9283 | D:6      | Found Geneczocs's Weapon Boutique.
  9368 | D:5      | Reached skill level 6 in Short Blades
  9368 | D:5      | Reached skill level 4 in Necromancy
  9574 | D:6      | Reached XP level 9. HP: 49/52 MP: 13/13
  9687 | D:6      | Found a staircase to the Ecumenical Temple.
  9719 | D:6      | Reached skill level 7 in Short Blades
  9719 | D:6      | Reached skill level 5 in Necromancy
  9737 | D:6      | Found a runed door.
  9738 | D:6      | Noticed azzavlup's ghost (novice MiBe)
 10024 | D:6      | Found Jafodd's Weapon Emporium.
 10283 | D:7      | Reached skill level 4 in Fighting
 10287 | D:7      | Noticed Menkaure
 10313 | D:7      | Found Zouw's Distillery.
 10591 | D:7      | Noticed Harold
 10617 | D:7      | HP: 13/52 [Harold/harpoon shot (10)]
 10857 | D:7      | HP: 9/49 [poisoned by you (dark miasma)]
 10858 | D:6      | Succumbed to their own dark miasma

Vault maps used:
D:1:      arrival_zaba_pyramid, kennysheep_nondescript, hex_medium,
          hangedman_decor_diamond_cutter, minmay_misc_feat_diagonals
D:2:      serial_glass, glass_columns_b, glass_columns_b, nrook_loot_triangle
D:3:      nicolae_overflow_crystal_walls, serial_bayou, serial_bayou_pond_c,
          serial_bayou_pond_d, serial_bayou_pond_a, serial_bayou_lagoon_b,
          kennysheep_generic_room_16
D:4:      chequers_temple_overflow_minitemple, overflow_temple_1_default,
          portal_sewer_entry_d, serial_co_window_serial, co_window_paths_a,
          co_window_corner_a, co_window_paths_a, co_window_paths_b,
          co_window_cross_1, co_window_of_opportunity_a, co_window_corner_a,
          co_window_broadway_c, co_window_broadway_b, co_window_corner_ca,
          co_window_unsneaky_path_d
D:5:      marbit_many_paths, overflow_temple_1_default,
          ebering_ghost_disaster_area, first_ration, minivault_11
D:6:      minmay_temple_entry_glass, serial_shops, nicolae_shop_behind_doors,
          shop_statue, hellmonk_ghost_happy_afterlife, minmay_mini_ossuary,
          uniq_pikel
D:7:      serial_shops, nicolae_shop_statue_plus, uniq_crazy_yiuf_cottage,
          uniq_menkaure, uniq_harold

Skill      XL: |  1  2  3  4  5  6  7  8  9 |
---------------+----------------------------+-----
Stealth        | 3 4 5 |  5.8
Fighting       | 1 2 3 4 |  4.2
Dodging        | 3 4 5 |  5.4
Air Magic      | 2 |  2.2
Poison Magic   | 1 2 |  2.2
Conjurations   | 2 |  2.6
Short Blades   | 5 6 7 |  7.6
Necromancy     | 3 4 5 |  5.2
Spellcasting   | |  3.2
Summonings     | |  1.0
Translocations | |  1.0

Action                   |  1- 3 |  4- 6 |  7- 9 || total
-------------------------+-------+-------+-------++-------
Melee: Hand axe          |     6 |       |       ||     6
       Short sword       |    67 |   113 |       ||   180
       Flail             |       |    82 |   123 ||   205
       Dagger            |       |       |   218 ||   218
 Cast: Magic Dart        |    17 |    20 |     4 ||    41
       Call Imp          |     6 |    33 |    21 ||    60
       Blink             |     1 |     3 |       ||     4
       Mephitic Cloud    |       |     4 |    11 ||    15
       Corpse Rot        |       |       |     2 ||     2
Invok: Receive Corpses   |       |       |     1 ||     1
  Use: Scroll            |     4 |     5 |     4 ||    13
       Potion            |       |     1 |     3 ||     4
 Stab: Sleeping          |     7 |     7 |     9 ||    23
       Confused          |       |     2 |     5 ||     7
       Invisible         |       |       |     1 ||     1
  Eat: Chunk             |    11 |    14 |    18 ||    43
Armor: Robe              |    12 |    45 |    43 ||   100
       Skin              |       |    11 |       ||    11
Dodge: Dodged            |    84 |   205 |   326 ||   615

Table legend:
 A = Spawn XP
 B = Non-spawn XP
 C = Spawn XP percentage of total XP
 D = Spawn monster count
 E = Non-spawn monster count
 F = Spawn count percentage of total count
 G = Total turns spent on level
                    A         B        C        D         E        F      G
               +---------+---------+-------+---------+---------+-------+---------
         Total |       0 |    2631 |   0.0 |       0 |     148 |   0.0 | 10858
               +---------+---------+-------+---------+---------+-------+---------
           D:1 |       0 |      19 |   0.0 |       0 |       7 |   0.0 |  1393
           D:2 |       0 |      81 |   0.0 |       0 |      32 |   0.0 |  1794
           D:3 |       0 |      91 |   0.0 |       0 |      29 |   0.0 |  1409
           D:4 |       0 |     374 |   0.0 |       0 |      16 |   0.0 |  2799
           D:5 |       0 |    1214 |   0.0 |       0 |      41 |   0.0 |  2002
           D:6 |       0 |     562 |   0.0 |       0 |      17 |   0.0 |  1030
           D:7 |       0 |     290 |   0.0 |       0 |       6 |   0.0 |   431
               +---------+---------+-------+---------+---------+-------+---------

Vault maps used:
D:1:      arrival_zaba_pyramid, kennysheep_nondescript, hex_medium,
          hangedman_decor_diamond_cutter, minmay_misc_feat_diagonals
D:2:      serial_glass, glass_columns_b, glass_columns_b, nrook_loot_triangle
D:3:      nicolae_overflow_crystal_walls, serial_bayou, serial_bayou_pond_c,
          serial_bayou_pond_d, serial_bayou_pond_a, serial_bayou_lagoon_b,
          kennysheep_generic_room_16
D:4:      chequers_temple_overflow_minitemple, overflow_temple_1_default,
          portal_sewer_entry_d, serial_co_window_serial, co_window_paths_a,
          co_window_corner_a, co_window_paths_a, co_window_paths_b,
          co_window_cross_1, co_window_of_opportunity_a, co_window_corner_a,
          co_window_broadway_c, co_window_broadway_b, co_window_corner_ca,
          co_window_unsneaky_path_d
D:5:      marbit_many_paths, overflow_temple_1_default,
          ebering_ghost_disaster_area, first_ration, minivault_11
D:6:      minmay_temple_entry_glass, serial_shops, nicolae_shop_behind_doors,
          shop_statue, hellmonk_ghost_happy_afterlife, minmay_mini_ossuary,
          uniq_pikel
D:7:      serial_shops, nicolae_shop_statue_plus, uniq_crazy_yiuf_cottage,
          uniq_menkaure, uniq_harold

Table legend:
 A = Turns spent in this place as a percentage of turns spent in the entire game.
 B = Non-inter-level travel turns spent in this place as a percentage of non-inter-level travel turns spent in the entire game.
 C = Inter-level travel turns spent in this place as a percentage of turns spent in this place.
 D = Turns resting spent in this place as a percentage of non-inter-level travel turns spent in this place.
 E = Turns spent auto-exploring this place as a percentage of non-inter-level travel turns spent in this place.
 F = Non-inter-level travel turns spent in this place divided by the number of levels of this place that you've seen.
                   A       B       C       D       E      F
               +-------+-------+-------+-------+-------+----------------------
         Total | 100.0 | 100.0 |   4.4 |  42.6 |  37.5 | 1482.4
       Dungeon | 100.0 | 100.0 |   4.4 |  42.6 |  37.5 | 1482.4
               +-------+-------+-------+-------+-------+----------------------

Table legend:
 A = Kills in this place as a percentage of kills in entire the game.
 B = Kills by you in this place as a percentage of kills by you in the entire game.
 C = Kills by friends in this place as a percentage of kills by friends in the entire game.
 D = Other kills in this place as a percentage of other kills in the entire game.
 E = Experience gained in this place as a percentage of experience gained in the entire game.
 F = Experience gained in this place divided by the number of levels of this place that you have seen.
                   A       B       C       D       E      F
               +-------+-------+-------+-------+-------+----------------------
         Total | 100.0 | 100.0 | 100.0 | 100.0 | 100.0 | 375.9
       Dungeon | 100.0 | 100.0 | 100.0 | 100.0 | 100.0 | 375.9
               +-------+-------+-------+-------+-------+----------------------
